 Dungeon Crawl Stone Soup version 0.20.1-1-g8b1a95d (console) character file.

77 bli the Skirmisher (level 4, -1/35 HPs)
             Began as a Demonspawn Monk on Aug 15, 2017.
             Slain by an ice beast (6 damage)
             ... on level 3 of the Dungeon.
             The game lasted 00:06:55 (2383 turns).

bli the Skirmisher (Demonspawn Monk)                Turns: 2383, Time: 00:06:55

Health: -1/35      AC:  5    Str: 11    XL:     4   Next: 13%
Magic:  4/4        EV: 13    Int: 11    God:
Gold:   137        SH:  0    Dex: 17    Spells: 3/3 levels left

rFire    + . .     SeeInvis .   a - +0 short sword
rCold    + . .     Gourm    .   (no shield)
rNeg     . . .     Faith    .   b - +0 robe
rPois    +         Spirit   .   (helmet restricted)
rElec    +         Reflect  .   (no cloak)
rCorr    +         Harm     .   i - +0 pair of gloves
MR       .....                  (no boots)
Stlth    ++........             (no amulet)
Regen    0.2/turn               (no ring)
MPRegen  0.1/turn               (no ring)

@: resistant
A: horns 1, slimy green scales 1
a: no special abilities


You were on level 3 of the Dungeon.
You were hungry.

You visited 1 branch of the dungeon, and saw 3 of its levels.

You collected 137 gold pieces.

Inventory:

Hand Weapons
 a - a +0 short sword (weapon)
Missiles
 f - 105 stones (quivered)
Armour
 b - a +0 robe (worn)
 i - a +0 pair of gloves (worn)
 k - a +0 leather armour
Wands
 p - a wand of flame (17/48)
Scrolls
 d - a scroll of teleportation {unknown}
 e - 2 scrolls of enchant weapon {unknown}
 h - 2 scrolls of blinking {unknown}
 j - a scroll of fear {unknown}
 l - a scroll of fog {unknown}
 q - a scroll of recharging {unknown}
Potions
 g - 3 potions of curing
 m - a potion of lignification {unknown}
Comestibles
 c - a bread ration


   Skills:
 * Level 3.3 Fighting
 * Level 3.3 Short Blades
 + Level 3.0 Dodging
 + Level 3.0 Stealth


You had 3 spell levels left.
You didn't know any spells.

Dungeon Overview and Level Annotations

Branches:
Dungeon (3/15)

Altars:
Gozag
Okawaru
Qazlal
Trog
Xom


Innate Abilities, Weirdness & Mutations

You have a pair of small horns on your head.
You are partially covered in slimy green scales. (AC +2)


Message History

The ice beast is severely wounded.
The ice beast barely misses you.
You closely miss the ice beast.
The ice beast is severely wounded.
You barely miss the ice beast.
The ice beast is severely wounded.
The ice beast closely misses you.
You hit the ice beast but do no damage.
The ice beast is severely wounded.
The ice beast hits you. The ice beast freezes you. You resist.
You closely miss the ice beast. You headbutt the ice beast.
The ice beast is severely wounded.
The ice beast hits you. The ice beast freezes you. You resist.
* * * LOW HITPOINT WARNING * * *
You closely miss the ice beast.
The ice beast is severely wounded.
The ice beast hits you.
* * * LOW HITPOINT WARNING * * *
The ice beast freezes you. You resist.
You die...

..#.# #.#.# #.#.#
#.#.# #.#.# #.#.#
.###########.#.###
.................#
############.#.Y@#
#.#.### #.....#
#######


You could see an ice beast.

Vanquished Creatures
  Robin (D:2)
  An adder (D:2)
  An ooze (D:2)
  2 worms (D:2)
  2 leopard geckos (D:2)
  5 bats
  3 giant cockroaches
  7 goblins (D:2)
  11 hobgoblins
  A ball python (D:1)
  2 frilled lizards
  3 kobolds
  3 rats
42 creatures vanquished.

Notes
Turn   | Place    | Note
-------+----------+-------------------------------------------
     0 | D:1      | bli the Demonspawn Monk began the quest for the Orb.
     0 | D:1      | Reached XP level 1. HP: 18/18 MP: 1/1
   258 | D:1      | Gained mutation: You have a pair of small horns on your head. [demonic ancestry]
   258 | D:1      | Reached XP level 2. HP: 20/24 MP: 2/2
   653 | D:2      | Noticed Robin
   830 | D:2      | HP: 1/24 [hobgoblin/club[Robin] (3)]
  1354 | D:2      | Reached XP level 3. HP: 29/29 MP: 3/3
  1388 | D:2      | Found an opulent altar of Gozag.
  1497 | D:2      | Found a bloodstained altar of Trog.
  1603 | D:2      | Killed Robin
  1881 | D:2      | Found an iron altar of Okawaru.
  1979 | D:2      | Gained mutation: You are partially covered in slimy green scales. (AC +2) [demonic ancestry]
  1979 | D:2      | Reached XP level 4. HP: 24/35 MP: 4/4
  2134 | D:2      | Found a shimmering altar of Xom.
  2263 | D:2      | Found a stormy altar of Qazlal.
  2342 | D:3      | Noticed an ice beast
  2383 | D:3      | Slain by an ice beast

Skill      XL: |  1  2  3 |
---------------+----------+-----
Short Blades   | 3 |  3.3
Stealth        | 2 3 |  3.0
Dodging        | 3 |  3.0
Fighting       | |  3.3

Action                   |  1- 3 |  4- 6 || total
-------------------------+-------+-------++-------
Melee: Short sword       |   125 |    34 ||   159
       Headbutt          |    14 |     9 ||    23
  Use: Potion            |     1 |     1 ||     2
 Stab: Sleeping          |     5 |       ||     5
       Distracted        |       |     1 ||     1
  Eat: Chunk             |     3 |     1 ||     4
Armor: Robe              |    15 |    11 ||    26
Dodge: Dodged            |    68 |    17 ||    85
